 Dungeon Crawl Stone Soup version 0.22.1-2-g9c5b331383 (webtiles) character file.

173 LinaInverse the Covert (level 5, 0/38 HPs)
             Began as a Vampire Assassin on Dec 10, 2018.
             Slain by a gnoll
             ... wielding a +0 whip
              (4 damage)
             ... on level 2 of the Dungeon.
             The game lasted 00:36:17 (2745 turns).

LinaInverse the Covert (Vampire Assassin)           Turns: 2745, Time: 00:36:18

Health: 0/38       AC:  5    Str: 10    XL:     5   Next: 28%
Magic:  5/5        EV: 12    Int: 13    God:
Gold:   165        SH:  0    Dex: 17    Spells: 4/4 levels left

rFire    . . .     SeeInvis +   t - -3 long sword (curse)
rCold    . . .     Gourm    .   (no shield)
rNeg     + . .     Faith    .   k - +1 robe (curse)
rPois    .         Spirit   .   (no helmet)
rElec    .         Reflect  .   d - +0 cloak
rCorr    .         Harm     .   (no gloves)
MR       .....                  m - +0 pair of boots
Stlth    +++.......             (no amulet)
HPRegen  0.12/turn              l - ring of attention (curse)
MPRegen  0.09/turn              (no ring)

@: no status effects
A: fangs 3, see invisible, unbreathing
a: Bat Form


You were on level 2 of the Dungeon.
You were not thirsty.

You visited 1 branch of the dungeon, and saw 5 of its levels.

You collected 165 gold pieces.

Inventory:

Hand Weapons
 a - a +2 dagger
 b - a +0 blowgun
 t - a cursed -3 long sword (weapon)
 u - a +1 vampiric hand axe
Missiles
 e - 20 poisoned needles
 f - 2 curare-tipped needles
 r - 23 arrows
 s - 49 stones (quivered)
Armour
 d - a +0 cloak (worn)
 k - a cursed +1 robe (worn)
 m - a +0 pair of boots (worn)
Jewellery
 l - a cursed ring of attention (left hand)
Potions
 g - 4 potions of blood
 h - a potion of magic {unknown}
 n - a potion of brilliance {unknown}
 p - a potion of resistance {unknown}
 v - 3 potions of curing {unknown}
Comestibles
 i - 6 rations


   Skills:
 + Level 2.2 Fighting
 + Level 2.9(3.0) Short Blades
 + Level 0.1(1.5) Long Blades
 + Level 2.4 Throwing
 + Level 1.4 Dodging
 + Level 8.4 Stealth


You had 4 spell levels left.
You didn't know any spells.
Your spell library was empty.

Dungeon Overview and Level Annotations

Branches:
Dungeon (5/15)
 Temple: D:4-7

Altars:
Sif Muna

Shops:
D:4 [


Innate Abilities, Weirdness & Mutations

You have razor-sharp teeth.
You have supernaturally acute eyesight. (SInv)
You can survive without breathing.


Message History

The gnoll is severely wounded.
The gnoll closely misses you.
You hit the gnoll but do no damage.
The gnoll is heavily wounded.
The gnoll hits you with a whip. The gnoll hits you but does no damage.
The gnoll misses you.
You riposte.
You closely miss the gnoll.
The gnoll is heavily wounded.
You closely miss the gnoll.
The gnoll is heavily wounded.
The gnoll hits you with a whip. The gnoll misses you.
You closely miss the gnoll.
The gnoll is heavily wounded.
The gnoll hits you from afar with a halberd!
* * * LOW HITPOINT WARNING * * *
The gnoll barely misses you. The gnoll hits you with a whip.
* * * LOW HITPOINT WARNING * * *
You fail to use your ability.
You fail to use your ability.
The gnoll hits you with a whip.
You die...

#################################
.................................
................@gg.#########.###
.#######.....######g# #.# .#
#.###.#....#.## #S# .#
##.###.#....#..# #.# ###
#......#....##g# #.# ..#
#......#....##.## #g# ..#
#......#....##..# #.# ..#
#...........###.## #g# ..#
#......#....###..# #.#


You could see 3 gnolls.

Vanquished Creatures
  Blork the orc (D:4)
  An iguana (D:3)
  A gnoll (D:2)
  3 adders
  A worm (D:3)
  A dart slug (D:1)
  An orc (D:3)
  A giant cockroach (D:2)
  5 hobgoblins
  4 jackals (D:2)
  2 kobolds (D:1)
  A quokka (D:4)
  2 bats
  7 frilled lizards
  5 goblins
  5 rats
41 creatures vanquished.

Notes
Turn   | Place    | Note
-------+----------+-------------------------------------------
     0 | D:1      | LinaInverse the Vampire Assassin began the quest for the
                  | Orb.
     0 | D:1      | Reached XP level 1. HP: 16/16 MP: 1/1
    46 | D:1      | Reached skill level 6 in Stealth
   225 | D:2      | Reached XP level 2. HP: 22/22 MP: 2/2
   424 | D:2      | Reached skill level 7 in Stealth
   765 | D:3      | Reached XP level 3. HP: 12/27 MP: 3/3
   814 | D:4      | Noticed Blork the orc
   936 | D:4      | Killed Blork the orc
   936 | D:4      | Reached skill level 8 in Stealth
   936 | D:4      | Reached XP level 4. HP: 27/33 MP: 4/4
   954 | D:4      | Found a deep blue altar of Sif Muna.
   957 | D:5      | Entered Level 5 of the Dungeon
   981 | D:4      | Found Satig's Armour Shop.
  1329 | D:3      | Reached XP level 5. HP: 38/38 MP: 5/5
  2745 | D:2      | Slain by a gnoll

Skill      XL: |  1  2  3 |
---------------+----------+-----
Stealth        | 6 7 8 |  8.4
Fighting       | 2 |  2.2
Throwing       | 2 |  2.4
Short Blades   | |  2.9
Long Blades    | |  0.1
Dodging        | |  1.4

Action                   |  1- 3 |  4- 6 || total
-------------------------+-------+-------++-------
Melee: Dagger            |    50 |    23 ||    73
       Bite              |     5 |     6 ||    11
       Long sword        |       |    56 ||    56
 Fire: Blowgun           |    17 |       ||    17
Throw: Throwing net      |     2 |       ||     2
       Stone             |       |    12 ||    12
 Abil: End Transformatio |       |     4 ||     4
       Bat Form          |       |     4 ||     4
  Use: Potion            |     5 |     1 ||     6
       Scroll            |       |     3 ||     3
 Stab: Sleeping          |     8 |     6 ||    14
  Eat: Corpse            |       |     4 ||     4
Armor: Robe              |     7 |    22 ||    29
Dodge: Dodged            |    34 |    63 ||    97
       Rpst.: Long sword |       |     9 ||     9
